Workbook

Sheet T12 May25-Apr26
A1: Particulars | B1: May 25 | C1: Jun 25 | D1: Jul 25 | E1: Aug 25 | F1: Sep 25 | G1: Oct 25 | H1: Nov 25 | I1: Dec 25 | J1: Jan 26 | K1: Feb 26 | L1: Mar 26 | M1: Apr 26 | N1: Annual Total | O1: T3 (Feb-Apr 26)
A2: Ordinary Income/Expense
A3: Income
A4: 50000 - Revenue
A5: 50001 - Rental Revenue
A6: 50010 - Gross Potential Rent | B6: 38500 | C6: 39325 | D6: 39470 | E6: 39565 | F6: 39390 | G6: 39355 | H6: 39295 | I6: 39120 | J6: 39020 | K6: 38935 | L6: 39085 | M6: 39385 | N6: =SUM(B6:M6) -> 470445 | O6: =SUM(K6:M6) -> 117405
A7: 50015 - Economic Vacancy | B7: 625 | C7: -790.32 | D7: 595 | E7: -2477.16 | F7: -487.66 | G7: -522.8 | H7: -1079.62 | I7: 1522.06 | J7: -1626.08 | K7: -43.5 | L7: -1944.39 | M7: -1139.03 | N7: =SUM(B7:M7) -> -7368.5 | O7: =SUM(K7:M7) -> -3126.92
A8: 51010 - Vacancy Loss | B8: -777 | C8: 797.45 | D8: -4025 | E8: -3175 | F8: -5560 | G8: -4870 | H8: -7137 | I8: -3955 | J8: -3674.35 | K8: -1750 | L8: -3050 | M8: -3665 | N8: =SUM(B8:M8) -> -40840.9 | O8: =SUM(K8:M8) -> -8465
A9: 51050 - Bad Debt Writeoffs | B9: 0 | C9: 0 | D9: 0 | E9: 0 | F9: 0 | G9: 0 | H9: 0 | I9: 0 | J9: 0 | K9: 0 | L9: 0 | M9: 0 | N9: =SUM(B9:M9) -> 0 | O9: =SUM(K9:M9) -> 0
A10: 51060 - Other Income | B10: 0 | C10: 0 | D10: 0 | E10: 0 | F10: 0 | G10: 0 | H10: 0 | I10: 0 | J10: 0 | K10: 0 | L10: 0 | M10: 0 | N10: =SUM(B10:M10) -> 0 | O10: =SUM(K10:M10) -> 0
A11: 52020 - Rent Promos/Discounts | B11: 0 | C11: 0 | D11: 0 | E11: 0 | F11: 0 | G11: 0 | H11: 0 | I11: 0 | J11: 0 | K11: 0 | L11: 0 | M11: 0 | N11: =SUM(B11:M11) -> 0 | O11: =SUM(K11:M11) -> 0
A12: Total 50001 - Rental Revenue | B12: =SUM(B6:B11) -> 38348 | C12: =SUM(C6:C11) -> 39332.13 | D12: =SUM(D6:D11) -> 36040 | E12: =SUM(E6:E11) -> 33912.84 | F12: =SUM(F6:F11) -> 33342.34 | G12: =SUM(G6:G11) -> 33962.2 | H12: =SUM(H6:H11) -> 31078.38 | I12: =SUM(I6:I11) -> 36687.06 | ... O12: =SUM(O6:O11) -> 105813.08
A13: 53045 - Storage Revenue | N13: =SUM(B13:M13) -> 0 | O13: =SUM(K13:M13) -> 0
A14: 55100 - Tenant Insurance Revenue | B14: 15 | C14: -15 | D14: -105 | F14: 15 | G14: -15 | H14: 90 | I14: -30 | J14: -15 | K14: 150 | L14: -60 | M14: -45 | N14: =SUM(B14:M14) -> -15 | O14: =SUM(K14:M14) -> 45
A15: 55380 - Utility Reimbursement-Electr | B15: 0 | C15: 213 | D15: 0 | E15: -15 | J15: 150 | K15: 150 | L15: 150 | M15: 150 | N15: =SUM(B15:M15) -> 798 | O15: =SUM(K15:M15) -> 450
A16: 53050 - Pet Fees | B16: 0 | C16: 0 | D16: 835 | E16: 15 | F16: 500 | J16: 0 | K16: 1250 | L16: 0 | M16: 0 | N16: =SUM(B16:M16) -> 2600 | O16: =SUM(K16:M16) -> 1250
A17: 55340 - Utility Reimbursement-Electr | B17: 300.86 | C17: 0 | D17: 225 | E17: 225 | F17: 225 | G17: 150 | H17: 150 | I17: 150 | J17: 0 | L17: 0 | M17: 0 | N17: =SUM(B17:M17) -> 1425.86 | O17: =SUM(K17:M17) -> 0
A18: 55380 - Utility Reimbursement-Misc | B18: 1581 | C18: 2110 | D18: 1705 | E18: 1930 | F18: 1054.34 | G18: 1086.93 | H18: 1042.96 | I18: 1342.14 | J18: 1730 | K18: 1665.16 | L18: 1665 | M18: 1309.14 | N18: =SUM(B18:M18) -> 18221.67 | O18: =SUM(K18:M18) -> 4639.3
A19: 57100 - Late Fees | B19: 522.75 | C19: 796.85 | D19: 346 | E19: 2221.35 | F19: 206.65 | G19: 555.8 | H19: 111.25 | I19: 139.6 | J19: 974.3 | K19: 839.45 | L19: 404.69 | M19: 165.64 | N19: =SUM(B19:M19) -> 7284.33 | O19: =SUM(K19:M19) -> 1409.78
A20: 57101 - Administration Fee | B20: 0 | C20: 0 | D20: 0 | E20: 345 | F20: 250.83 | J20: 0 | L20: 0 | M20: 0 | N20: =SUM(B20:M20) -> 595.83 | O20: =SUM(K20:M20) -> 0
A21: 57102 - Laundry Income | B21: 368.68 | C21: 286.17 | D21: 288.27 | E21: 252.3 | F21: 315.85 | G21: 272.65 | H21: 273.29 | I21: 230.85 | J21: 253.27 | K21: 280.26 | L21: 263.52 | M21: 316.06 | N21: =SUM(B21:M21) -> 3401.17 | O21: =SUM(K21:M21) -> 859.84
A22: 57140 - Miscellaneous Income | B22: 0 | C22: 0 | D22: 0 | E22: 0 | F22: 0 | J22: 0 | K22: 50 | L22: 0 | M22: 0 | N22: =SUM(B22:M22) -> 50 | O22: =SUM(K22:M22) -> 50
A23: 57300 - Application Fee Income | B23: 87.3 | C23: 26.4 | D23: 28.2 | E23: 148.2 | F23: -2.7 | G23: 170.72 | H23: 174.68 | I23: 124.08 | J23: 58.94 | K23: 116.4 | L23: 42.68 | M23: 0 | N23: =SUM(B23:M23) -> 974.9 | O23: =SUM(K23:M23) -> 159.08
A24: Total 53005 - Other Revenue | B24: =SUM(B14:B23) -> 2875.59 | C24: =SUM(C14:C23) -> 3417.42 | D24: =SUM(D14:D23) -> 3322.47 | E24: =SUM(E14:E23) -> 5121.85 | F24: =SUM(F14:F23) -> 2564.97 | G24: =SUM(G14:G23) -> 2221.1 | H24: =SUM(H14:H23) -> 1842.18 | I24: =SUM(I14:I23) -> 1956.67 | ... O24: =SUM(O14:O23) -> 8863
A25: Total 50000 - Revenue | B25: =B12+B24 -> 41223.59 | C25: =C12+C24 -> 42749.55 | D25: =D12+D24 -> 39362.47 | E25: =E12+E24 -> 39034.69 | F25: =F12+F24 -> 35907.31 | G25: =G12+G24 -> 36183.3 | H25: =H12+H24 -> 32920.56 | I25: =I12+I24 -> 38643.73 | ... O25: =O12+O24 -> 114676.08
A26: Total Income | B26: =B12+B24 -> 41223.59 | C26: =C12+C24 -> 42749.55 | D26: =D12+D24 -> 39362.47 | E26: =E12+E24 -> 39034.69 | F26: =F12+F24 -> 35907.31 | G26: =G12+G24 -> 36183.3 | H26: =H12+H24 -> 32920.56 | I26: =I12+I24 -> 38643.73 | ... M26: =M12+M24 -> 36476.81 | N26: =SUM(B26:M26) -> 457572.36 | O26: =SUM(K26:M26) -> 114676.08
A27: Cost of Goods Sold
A28: 50300 - Commission Paid | B28: 0 | C28: 0 | D28: 0 | E28: 0 | F28: 0 | G28: 0 | H28: 0 | I28: 0 | J28: 0 | K28: 0 | L28: 0 | M28: 0 | N28: =SUM(B28:M28) -> 0 | O28: =SUM(K28:M28) -> 0
A29: Total COGS | B29: =B28 -> 0 | C29: =C28 -> 0 | D29: =D28 -> 0 | E29: =E28 -> 0 | F29: =F28 -> 0 | G29: =G28 -> 0 | H29: =H28 -> 0 | I29: =I28 -> 0 | ... M29: =M28 -> 0 | N29: =SUM(B29:M29) -> 0 | O29: =SUM(K29:M29) -> 0
A30: Gross Profit | B30: =B26-B29 -> 41223.59 | C30: =C26-C29 -> 42749.55 | D30: =D26-D29 -> 39362.47 | E30: =E26-E29 -> 39034.69 | F30: =F26-F29 -> 35907.31 | G30: =G26-G29 -> 36183.3 | H30: =H26-H29 -> 32920.56 | I30: =I26-I29 -> 38643.73 | ... O30: =O26-O29 -> 114676.08
A31: Expense
A32: 60000 - Advertising and Promotion | B32: 774.98 | C32: 249 | E32: 159 | F32: 159 | G32: 1188 | H32: 195 | I32: 393 | J32: 558 | K32: 195 | L32: 0 | M32: 594 | N32: =SUM(B32:M32) -> 4464.98 | O32: =SUM(K32:M32) -> 789
A33: 60050 - Operating Expenses
A34: 60010 - Fixed Operating Expenses
A35: 67000 - Utilities
A36: 67510 - Trash Removal | B36: 0 | C36: 0 | D36: 0 | E36: 0 | F36: 0 | J36: 0 | K36: 0 | L36: 0 | M36: 0 | N36: =SUM(B36:M36) -> 0 | O36: =SUM(K36:M36) -> 0
A37: 67000 - Utilities - Other | B37: 2745 | C37: 2810 | D37: 3102 | E37: 2944.21 | F37: 3646.03 | G37: 3363.44 | H37: 1729.66 | I37: 1469.93 | J37: 2262.66 | K37: 2110 | L37: 2312.49 | M37: 1929.63 | N37: =SUM(B37:M37) -> 30425.05 | O37: =SUM(K37:M37) -> 6352.12
A38: Total 67000 - Utilities | B38: =SUM(B36:B37) -> 2745 | C38: =SUM(C36:C37) -> 2810 | D38: =SUM(D36:D37) -> 3102 | E38: =SUM(E36:E37) -> 2944.21 | F38: =SUM(F36:F37) -> 3646.03 | G38: =SUM(G36:G37) -> 3363.44 | H38: =SUM(H36:H37) -> 1729.66 | I38: =SUM(I36:I37) -> 1469.93 | ... M38: =SUM(M36:M37) -> 1929.63 | N38: =SUM(B38:M38) -> 30425.05 | O38: =SUM(K38:M38) -> 6352.12
A39: 71010 - Real Estate Tax Expense | B39: 0 | J39: 0 | K39: 0 | L39: 0 | M39: 0 | N39: =SUM(B39:M39) -> 0 | O39: =SUM(K39:M39) -> 0
A40: 72000 - Insurance Expense | J40: -15 | K40: -15 | L40: -15 | M40: -30 | N40: =SUM(B40:M40) -> -75 | O40: =SUM(K40:M40) -> -60
A41: 72010 - Insurance Expense - Property | B41: 2629.81 | C41: 2629.81 | D41: 2629.81 | E41: 2629.81 | F41: 2629.81 | G41: 2629.81 | H41: 0 | I41: 5550.56 | J41: 2797.06 | L41: 4898.04 | M41: 2482.65 | N41: =SUM(B41:M41) -> 31507.17 | O41: =SUM(K41:M41) -> 7380.69
A42: Total 72000 - Insurance Expense | B42: =SUM(B39:B41) -> 2629.81 | C42: =SUM(C39:C41) -> 2629.81 | D42: =SUM(D39:D41) -> 2629.81 | E42: =SUM(E39:E41) -> 2629.81 | F42: =SUM(F39:F41) -> 2629.81 | G42: =SUM(G39:G41) -> 2629.81 | H42: =SUM(H39:H41) -> 0 | I42: =SUM(I39:I41) -> 5550.56 | ... M42: =SUM(M39:M41) -> 2452.65 | N42: =SUM(B42:M42) -> 31432.17 | O42: =SUM(K42:M42) -> 7320.69
A43: Asset Management fee 2% | B43: 0 | C43: 800 | D43: 1598.61 | E43: 776.86 | F43: 797.08 | G43: 697.06 | H43: 699.56 | J43: 656.67 | K43: 748.24 | L43: 791.21 | N43: =SUM(B43:M43) -> 7565.29 | O43: =SUM(K43:M43) -> 1539.45
A44: 73010 - Management Fee Expense | B44: 1010.48 | C44: 1236.77 | D44: 1174.93 | E44: 1036.13 | F44: 920.63 | G44: 1177.27 | H44: 889.32 | I44: 1060.48 | J44: 1136.42 | K44: 1038.2 | L44: 1087.37 | M44: 1116.69 | N44: =SUM(B44:M44) -> 12884.69 | O44: =SUM(K44:M44) -> 3242.26
A45: Total 73000 - Management Fee | B45: =SUM(B43:B44) -> 1010.48 | C45: =SUM(C43:C44) -> 2036.77 | D45: =SUM(D43:D44) -> 2773.54 | E45: =SUM(E43:E44) -> 1812.99 | F45: =SUM(F43:F44) -> 1717.71 | G45: =SUM(G43:G44) -> 1874.33 | H45: =SUM(H43:H44) -> 1588.88 | I45: =SUM(I43:I44) -> 1060.48 | ... M45: =SUM(M43:M44) -> 1116.69 | N45: =SUM(B45:M45) -> 20449.98 | O45: =SUM(K45:M45) -> 4781.71
A46: Total 60010 - Fixed Operating Expenses | B46: =B38+B42+B45 -> 6385.29 | C46: =C38+C42+C45 -> 7476.58 | D46: =D38+D42+D45 -> 8505.35 | E46: =E38+E42+E45 -> 7387.01 | F46: =F38+F42+F45 -> 7993.55 | G46: =G38+G42+G45 -> 7867.58 | H46: =H38+H42+H45 -> 3318.54 | I46: =I38+I42+I45 -> 8080.97 | ... M46: =M38+M42+M45 -> 5498.97 | N46: =SUM(B46:M46) -> 82307.2 | O46: =SUM(K46:M46) -> 18454.52
A47: 60099 - Variable Operating Expenses
A48: 62001 - Services
A49: 62151 - Trash Pickup Contractor | B49: 0 | C49: 1631.01 | D49: 0 | E49: 0 | F49: 1448.86 | H49: 1451.26 | I49: 1821.61 | J49: 0 | K49: 1914.39 | L49: 2010.86 | M49: 2127.12 | N49: =SUM(B49:M49) -> 12405.11 | O49: =SUM(K49:M49) -> 6052.37
A50: 62080 - Pest Control | B50: 0 | C50: 99 | D50: 0 | E50: 99 | F50: 1623 | G50: 492 | I50: 492 | J50: 246 | K50: 1722 | L50: 0 | M50: 0 | N50: =SUM(B50:M50) -> 4773 | O50: =SUM(K50:M50) -> 1722
A51: 62152 - HVAC | B51: 0 | C51: 0 | D51: 0 | E51: 0 | F51: 0 | J51: 0 | K51: 0 | L51: 0 | M51: 300 | N51: =SUM(B51:M51) -> 300 | O51: =SUM(K51:M51) -> 300
A52: Total 62001 - Services | B52: =SUM(B49:B51) -> 0 | C52: =SUM(C49:C51) -> 1730.01 | D52: =SUM(D49:D51) -> 0 | E52: =SUM(E49:E51) -> 99 | F52: =SUM(F49:F51) -> 3071.86 | G52: =SUM(G49:G51) -> 492 | H52: =SUM(H49:H51) -> 1451.26 | I52: =SUM(I49:I51) -> 2313.61 | ... M52: =SUM(M49:M51) -> 2427.12 | N52: =SUM(B52:M52) -> 17478.11 | O52: =SUM(K52:M52) -> 8074.37
A53: 62020 - Lawn Care and Snow Removal | B53: 0 | C53: 425 | D53: 0 | E53: 0 | F53: 0 | J53: 650 | K53: 0 | L53: 475 | M53: 275 | N53: =SUM(B53:M53) -> 1825 | O53: =SUM(K53:M53) -> 750
A54: 61131 - Plumbing- Contracted | B54: 0 | C54: 0 | D54: 0 | E54: 135 | F54: 0 | G54: 90 | J54: 0 | K54: 0 | L54: 0 | N54: =SUM(B54:M54) -> 225 | O54: =SUM(K54:M54) -> 0
A55: 61130 - Plumbing Supplies and Repair | B55: 1152 | C55: 0 | D55: 0 | E55: 300 | F55: 0 | G55: 270 | H55: 1885 | I55: 2050 | J55: 135 | K55: 0 | L55: 0 | M55: 565.14 | N55: =SUM(B55:M55) -> 6357.14 | O55: =SUM(K55:M55) -> 565.14
A56: 61100 - Repair and Maintenance others | C56: 1500 | D56: 2399 | F56: 4082 | J56: =90+1334 -> 1424 | K56: 1379.65 | L56: 925 | M56: =90+3680.91 -> 3770.91 | N56: =SUM(B56:M56) -> 15480.56 | O56: =SUM(K56:M56) -> 6075.56
A57: Total 61100 - Repairs and Maintenance | B57: =SUM(B53:B56) -> 1152 | C57: =SUM(C53:C56) -> 1925 | D57: =SUM(D53:D56) -> 2399 | E57: =SUM(E53:E56) -> 435 | F57: =SUM(F53:F56) -> 4082 | G57: =SUM(G53:G56) -> 360 | H57: =SUM(H53:H56) -> 1885 | I57: =SUM(I53:I56) -> 2050 | ... M57: =SUM(M53:M56) -> 4611.05 | N57: =SUM(B57:M57) -> 23887.7 | O57: =SUM(K57:M57) -> 7390.7
A58: House Cleaning | H58: 1250 | J58: 250 | M58: 0 | N58: =SUM(B58:M58) -> 1500 | O58: =SUM(K58:M58) -> 0
A59: 63000 - General And Administrative
A60: 63050 - Bank Service Charges | B60: 0 | C60: 0 | D60: 0 | E60: 0 | F60: 0 | J60: 0 | K60: 0 | L60: 0 | M60: 0 | N60: =SUM(B60:M60) -> 0 | O60: =SUM(K60:M60) -> 0
A61: 63040 - Auto and Travel Expense | B61: 0 | C61: 0 | J61: 0 | K61: 0 | L61: 0 | M61: 0 | N61: =SUM(B61:M61) -> 0 | O61: =SUM(K61:M61) -> 0
A62: 63110 - Legal Expense | B62: 400 | C62: 195 | D62: 595.83 | E62: 120 | F62: 1591.76 | G62: 400 | H62: 584.13 | J62: 0 | K62: 0 | L62: 584.13 | M62: 0 | N62: =SUM(B62:M62) -> 4470.85 | O62: =SUM(K62:M62) -> 584.13
A63: 63120 - License Taxes Reg Fees | B63: 0 | C63: 0 | D63: 0 | J63: 0 | K63: 0 | L63: 0 | M63: 0 | N63: =SUM(B63:M63) -> 0 | O63: =SUM(K63:M63) -> 0
A64: Total 63000 - General And Administrative | B64: =SUM(B60:B63) -> 400 | C64: =SUM(C60:C63) -> 195 | D64: =SUM(D60:D63) -> 595.83 | E64: =SUM(E60:E63) -> 120 | F64: =SUM(F60:F63) -> 1591.76 | G64: =SUM(G60:G63) -> 400 | H64: =SUM(H60:H63) -> 584.13 | I64: =SUM(I60:I63) -> 0 | ... M64: =SUM(M60:M63) -> 0 | N64: =SUM(B64:M64) -> 4470.85 | O64: =SUM(K64:M64) -> 584.13
A65: 64000 - Payroll Expenses | B65: 2410 | C65: 2410 | D65: 2410 | E65: 2410 | F65: 2410 | G65: 2410 | H65: 2410 | I65: 2410 | J65: 2410 | K65: 2410 | L65: 2410 | M65: 2410 | N65: =SUM(B65:M65) -> 28920 | O65: =SUM(K65:M65) -> 7230
A66: Total 60099 - Variable Operating Expenses | B66: =B52+B57+B58+B64+B65 -> 3962 | C66: =C52+C57+C58+C64+C65 -> 6260.01 | D66: =D52+D57+D58+D64+D65 -> 5404.83 | E66: =E52+E57+E58+E64+E65 -> 3064 | F66: =F52+F57+F58+F64+F65 -> 11155.62 | G66: =G52+G57+G58+G64+G65 -> 3662 | H66: =H52+H57+H58+H64+H65 -> 7580.39 | I66: =I52+I57+I58+I64+I65 -> 6773.61 | ... M66: =M52+M57+M58+M64+M65 -> 9448.17 | N66: =SUM(B66:M66) -> 76256.66 | O66: =SUM(K66:M66) -> 23279.2
A67: Total 60050 - Operating Expenses | B67: =B46+B66 -> 10347.29 | C67: =C46+C66 -> 13736.59 | D67: =D46+D66 -> 13910.18 | E67: =E46+E66 -> 10451.01 | F67: =F46+F66 -> 19149.17 | G67: =G46+G66 -> 11529.58 | H67: =H46+H66 -> 10898.93 | I67: =I46+I66 -> 14854.58 | ... M67: =M46+M66 -> 14947.14 | N67: =SUM(B67:M67) -> 158563.86 | O67: =SUM(K67:M67) -> 41733.72
A68: 62400 - Depreciation Expense | N68: =SUM(B68:M68) -> 0 | O68: =SUM(K68:M68) -> 0
A69: 62500 - Dues and Subscriptions | B69: 0 | C69: 0 | D69: 0 | E69: 0 | F69: 0 | J69: 0 | K69: 0 | L69: 0 | M69: 0 | N69: =SUM(B69:M69) -> 0 | O69: =SUM(K69:M69) -> 0
A71: 66700 - Professional Fees | B71: 0 | D71: 0 | E71: 0 | F71: 0 | G71: 0 | H71: 0 | I71: 4775 | J71: 0 | K71: 0 | L71: 0 | M71: 0 | N71: =SUM(B71:M71) -> 4775 | O71: =SUM(K71:M71) -> 0
A72: 61000 - Business Licenses and Permits | B72: 0 | C72: 0 | D72: 0 | E72: 0 | F72: 0 | G72: 0 | H72: 0 | I72: 0 | J72: 0 | K72: 0 | L72: 0 | M72: 0 | N72: =SUM(B72:M72) -> 0 | O72: =SUM(K72:M72) -> 0
A73: 67100 - Rent Expense | B73: 0 | D73: 0 | E73: 0 | F73: 0 | G73: 0 | H73: 0 | I73: 0 | J73: 0 | K73: 0 | L73: 0 | M73: 0 | N73: =SUM(B73:M73) -> 0 | O73: =SUM(K73:M73) -> 0
A74: 67180 - Tax - Property Tax | B74: 1025.2058 | C74: 1025.2058 | D74: 1025.2058 | E74: 1025.2058 | F74: 1025.2058 | G74: 1025.2058 | H74: 1025.2058 | I74: 1025.2058 | J74: 1025.2058 | K74: 1025.2058 | L74: 1025.2058 | M74: 1025.2058 | N74: =SUM(B74:M74) -> 12302.47 | O74: =SUM(K74:M74) -> 3075.6175
A75: Total Expense | B75: =B32+B67+SUM(B68:B74) -> 12147.476 | C75: =C32+C67+SUM(C68:C74) -> 15010.796 | D75: =D32+D67+SUM(D68:D74) -> 14935.386 | E75: =E32+E67+SUM(E68:E74) -> 11635.216 | F75: =F32+F67+SUM(F68:F74) -> 20333.376 | G75: =G32+G67+SUM(G68:G74) -> 13742.786 | H75: =H32+H67+SUM(H68:H74) -> 12119.136 | I75: =I32+I67+SUM(I68:I74) -> 21047.786 | ... M75: =M32+M67+SUM(M68:M74) -> 16566.346 | N75: =SUM(B75:M75) -> 180106.31 | O75: =SUM(K75:M75) -> 45598.338
A76: Net Ordinary Income | B76: =B30-B75 -> 29076.114 | C76: =C30-C75 -> 27738.754 | D76: =D30-D75 -> 24427.084 | E76: =E30-E75 -> 27399.474 | F76: =F30-F75 -> 15573.934 | G76: =G30-G75 -> 22440.514 | H76: =H30-H75 -> 20801.424 | I76: =I30-I75 -> 17595.944 | ... M76: =M30-M75 -> 19910.464 | N76: =SUM(B76:M76) -> 277466.05 | O76: =SUM(K76:M76) -> 69077.742
A77: Net Income | B77: =B76 -> 29076.114 | C77: =C76 -> 27738.754 | D77: =D76 -> 24427.084 | E77: =E76 -> 27399.474 | F77: =F76 -> 15573.934 | G77: =G76 -> 22440.514 | H77: =H76 -> 20801.424 | I77: =I76 -> 17595.944 | ... M77: =M76 -> 19910.464 | N77: =SUM(B77:M77) -> 277466.05 | O77: =SUM(K77:M77) -> 69077.742

Sheet Rent Roll
A1: Rent Roll Report
A2: Belton Garden Apartments | B2: Unit Mix | C2: SF | D2: May 25 | F2: Jun 25 | H2: Jul 25 | J2: Aug 25 | L2: Sep 25 | N2: Oct 25 | P2: Nov 25 | R2: Dec 25 | T2: Jan 26 | V2: Feb 26 | X2: Mar 26 | Z2: Apr 26
A3: Unit | D3: Target | E3: Collected | F3: Target | G3: Collected | H3: Target | I3: Collected | J3: Target | K3: Collected | L3: Target | M3: Collected | N3: Target | O3: Collected | P3: Target | Q3: Collected | R3: Target | S3: Collected | T3: Target | U3: Collected | V3: Target | W3: Collected | X3: Target | Y3: Collected | Z3: Target | AA3: Collected | AB3: Notes
A4: 1007 N Scott Ave #1 | B4: 1X1 | C4: 546 | D4: 675 | E4: 675 | F4: 675 | G4: 675 | H4: 725 | I4: 675 | J4: 725 | K4: 725 | L4: 725 | M4: 725 | N4: 725 | O4: 725 | P4: 725 | Q4: 725 | R4: 725 | S4: 725 | T4: =[1]Belton!D3 -> 725 | U4: =[1]Belton!E3 -> 725 | V4: =[1]Belton!D48 -> 725 | W4: =[1]Belton!E48 -> 725 | X4: =[1]Belton!D93 -> 725 | Y4: =[1]Belton!E93 -> 725 | Z4: =[1]Belton!D138 -> 725 | AA4: =[1]Belton!E138 -> 725
A5: 1007 N Scott Ave #2 | B5: 1X1 | C5: 546 | D5: 875 | E5: 875 | F5: 875 | G5: 875 | H5: 925 | I5: 875 | J5: 925 | K5: 925 | L5: 925 | M5: 925 | N5: 925 | O5: 925 | P5: 925 | Q5: 925 | R5: 925 | S5: 925 | T5: =[1]Belton!D4 -> 925 | U5: =[1]Belton!E4 -> 925 | V5: =[1]Belton!D49 -> 925 | W5: =[1]Belton!E49 -> 925 | X5: =[1]Belton!D94 -> 925 | Y5: =[1]Belton!E94 -> 925 | Z5: =[1]Belton!D139 -> 925 | AA5: =[1]Belton!E139 -> 925
A6: 1007 N Scott Ave #3 | B6: 1X1 | C6: 546 | D6: 825 | E6: 875 | F6: 875 | G6: 875 | H6: 875 | I6: 875 | J6: 875 | K6: 875 | L6: 875 | M6: 875 | N6: 875 | O6: 875 | P6: 875 | Q6: 875 | R6: 875 | S6: 875 | T6: =[1]Belton!D5 -> 875 | U6: =[1]Belton!E5 -> 875 | V6: =[1]Belton!D50 -> 875 | W6: =[1]Belton!E50 -> 875 | X6: =[1]Belton!D95 -> 875 | Y6: =[1]Belton!E95 -> 875 | Z6: =[1]Belton!D140 -> 925 | AA6: =[1]Belton!E140 -> 875
A7: 1007 N Scott Ave #4 | B7: 1X1 | C7: 546 | D7: 850 | E7: 850 | F7: 900 | G7: 900 | H7: 900 | I7: 900 | J7: 900 | K7: 834 | L7: 900 | M7: 1101 | N7: 900 | O7: 550 | P7: 900 | Q7: 600 | R7: 900 | S7: 1700 | T7: =[1]Belton!D6 -> 900 | U7: =[1]Belton!E6 -> 615 | V7: =[1]Belton!D51 -> 900 | W7: =[1]Belton!E51 -> 0 | X7: =[1]Belton!D96 -> 900 | Y7: =[1]Belton!E96 -> 200 | Z7: =[1]Belton!D141 -> 900 | AA7: =[1]Belton!E141 -> 900
A8: 1007 N Scott Ave #5 | B8: 1X1 | C8: 546 | D8: 845 | E8: 895 | F8: 895 | G8: 895 | H8: 895 | I8: 895 | J8: 895 | K8: 895 | L8: 895 | M8: 895 | N8: 895 | O8: 895 | P8: 895 | Q8: 895 | R8: 895 | S8: 895 | T8: =[1]Belton!D7 -> 895 | U8: =[1]Belton!E7 -> 895 | V8: =[1]Belton!D52 -> 895 | W8: =[1]Belton!E52 -> 895 | X8: =[1]Belton!D97 -> 945 | Y8: =[1]Belton!E97 -> 895 | Z8: =[1]Belton!D142 -> 945 | AA8: =[1]Belton!E142 -> 945
A9: 1007 N Scott Ave #6 | B9: 1X1 | C9: 546 | D9: 850 | E9: 850 | F9: 850 | G9: 850 | H9: 850 | I9: 0 | J9: 850 | K9: 200 | L9: 800 | M9: 600 | N9: 800 | O9: 800 | P9: 800 | Q9: 800 | R9: 800 | S9: 800 | T9: =[1]Belton!D8 -> 800 | U9: =[1]Belton!E8 -> 800 | V9: =[1]Belton!D53 -> 800 | W9: =[1]Belton!E53 -> 800 | X9: =[1]Belton!D98 -> 800 | Y9: =[1]Belton!E98 -> 800 | Z9: =[1]Belton!D143 -> 800 | AA9: =[1]Belton!E143 -> 800
A10: 1007 N Scott Ave #7 | B10: 1X1 | C10: 546 | D10: 800 | E10: 850 | F10: 850 | G10: 850 | H10: 850 | I10: 0 | J10: 850 | K10: 0 | L10: 800 | M10: 0 | N10: 845 | O10: 845 | P10: 845 | Q10: 845 | R10: 845 | S10: 0 | T10: =[1]Belton!D9 -> 795 | U10: =[1]Belton!E9 -> 397.5 | V10: =[1]Belton!D54 -> 795 | W10: =[1]Belton!E54 -> 538.55 | X10: =[1]Belton!D99 -> 795 | Y10: =[1]Belton!E99 -> 795 | Z10: =[1]Belton!D144 -> 795 | AA10: =[1]Belton!E144 -> 795
A11: 1007 N Scott Ave #8 | B11: 1X1 | C11: 546 | D11: 825 | E11: 1175 | F11: 825 | G11: 0 | H11: 825 | I11: 0 | J11: 825 | K11: 0 | L11: 825 | M11: 0 | N11: 845 | O11: 0 | P11: 845 | Q11: 327.1 | R11: 845 | S11: 845 | T11: =[1]Belton!D10 -> 845 | U11: =[1]Belton!E10 -> 845 | V11: =[1]Belton!D55 -> 845 | W11: =[1]Belton!E55 -> 845 | X11: =[1]Belton!D100 -> 845 | Y11: =[1]Belton!E100 -> 845 | Z11: =[1]Belton!D145 -> 845 | AA11: =[1]Belton!E145 -> 845
A12: 1007 N Scott Ave #9 | B12: 3X1 | C12: 1000 | D12: 1200 | E12: 1200 | F12: 1200 | G12: 1200 | H12: 1200 | I12: 1200 | J12: 1200 | K12: 1200 | L12: 1200 | M12: 1200 | N12: 1200 | O12: 1200 | P12: 1200 | Q12: 1200 | R12: 1200 | S12: 1200 | T12: =[1]Belton!D11 -> 1200 | U12: =[1]Belton!E11 -> 1200 | V12: =[1]Belton!D56 -> 1200 | W12: =[1]Belton!E56 -> 1200 | X12: =[1]Belton!D101 -> 1200 | Y12: =[1]Belton!E101 -> 1200 | Z12: =[1]Belton!D146 -> 1250 | AA12: =[1]Belton!E146 -> 1200
A13: 1013 N Scott Ave | B13: House | C13: Unknown | D13: 1095 | E13: 1095 | F13: 1150 | G13: 1150 | H13: 1150 | I13: 1150 | J13: 1150 | K13: 1150 | L13: 1150 | M13: 1150 | N13: 1150 | O13: 1150 | P13: 1150 | Q13: 1150 | R13: 1150 | S13: 1150 | T13: =[1]Belton!D12 -> 1150 | U13: =[1]Belton!E12 -> 1150 | V13: =[1]Belton!D57 -> 1150 | W13: =[1]Belton!E57 -> 1150 | X13: =[1]Belton!D102 -> 1150 | Y13: =[1]Belton!E102 -> 1150 | Z13: =[1]Belton!D147 -> 1150 | AA13: =[1]Belton!E147 -> 1150
A14: 1015 N Scott Ave #1 | B14: 2X1 | C14: 650 | D14: 895 | E14: 895 | F14: 895 | G14: 895 | H14: 895 | I14: 895 | J14: 895 | K14: 895 | L14: 895 | M14: 895 | N14: 895 | O14: 895 | P14: 895 | Q14: 895 | R14: 895 | S14: 895 | T14: =[1]Belton!D23 -> 895 | U14: =[1]Belton!E23 -> 895 | V14: =[1]Belton!D68 -> 895 | W14: =[1]Belton!E68 -> 895 | X14: =[1]Belton!D113 -> 895 | Y14: =[1]Belton!E113 -> 895 | Z14: =[1]Belton!D158 -> 895 | AA14: =[1]Belton!E158 -> 895
A15: 1015 N Scott Ave #10 | B15: 2X1 | C15: 650 | D15: 895 | E15: 895 | F15: 895 | G15: 895 | H15: 895 | I15: 895 | J15: 895 | K15: 895 | L15: 895 | M15: 895 | N15: 895 | O15: 895 | P15: 895 | Q15: 895 | R15: 895 | S15: 895 | T15: =[1]Belton!D32 -> 895 | U15: =[1]Belton!E32 -> 895 | V15: =[1]Belton!D77 -> 895 | W15: =[1]Belton!E77 -> 895 | X15: =[1]Belton!D122 -> 895 | Y15: =[1]Belton!E122 -> 895 | Z15: =[1]Belton!D167 -> 945 | AA15: =[1]Belton!E167 -> 895
A16: 1015 N Scott Ave #101 | B16: 2X1 | C16: 650 | D16: 850 | E16: 845 | F16: 845 | G16: 845 | H16: 845 | I16: 845 | J16: 845 | K16: 845 | L16: 845 | M16: 845 | N16: 845 | O16: 845 | P16: 845 | Q16: 845 | R16: 845 | S16: 845 | T16: =[1]Belton!D13 -> 845 | U16: =[1]Belton!E13 -> 800 | V16: =[1]Belton!D58 -> 845 | W16: =[1]Belton!E58 -> 845 | X16: =[1]Belton!D103 -> 845 | Y16: =[1]Belton!E103 -> 890 | Z16: =[1]Belton!D148 -> 845 | AA16: =[1]Belton!E148 -> 0 | AB16: Rented
A17: 1015 N Scott Ave #102 | B17: 2X1 | C17: 650 | D17: 850 | E17: 850 | F17: 850 | G17: 850 | H17: 850 | I17: 850 | J17: 850 | K17: 850 | L17: 850 | M17: 850 | N17: 850 | O17: 850 | P17: 850 | Q17: 850 | R17: 850 | S17: 850 | T17: =[1]Belton!D14 -> 850 | U17: =[1]Belton!E14 -> 900 | V17: =[1]Belton!D59 -> 850 | W17: =[1]Belton!E59 -> 850 | X17: =[1]Belton!D104 -> 900 | Y17: =[1]Belton!E104 -> 0 | Z17: =[1]Belton!D149 -> 900 | AA17: =[1]Belton!E149 -> 900
A18: 1015 N Scott Ave #103 | B18: 2X1 | C18: 650 | D18: 950 | E18: 950 | F18: 950 | G18: 950 | H18: 950 | I18: 950 | J18: 950 | K18: 126 | L18: 950 | M18: 950 | N18: 950 | O18: 125.99 | P18: 950 | Q18: 950 | R18: 950 | S18: 950 | T18: =[1]Belton!D15 -> 950 | U18: =[1]Belton!E15 -> 159 | V18: =[1]Belton!D60 -> 950 | W18: =[1]Belton!E60 -> 950 | X18: =[1]Belton!D105 -> 950 | Y18: =[1]Belton!E105 -> 950 | Z18: =[1]Belton!D150 -> 950 | AA18: =[1]Belton!E150 -> 0
A19: 1015 N Scott Ave #104 | B19: 2X1 | C19: 650 | D19: 850 | E19: 925 | F19: 925 | G19: 925 | H19: 925 | I19: 925 | J19: 925 | K19: 925 | L19: 925 | M19: 925 | N19: 925 | O19: 0 | P19: 925 | Q19: 0 | R19: 825 | S19: 0 | T19: =[1]Belton!D16 -> 825 | U19: =[1]Belton!E16 -> 532.26 | V19: =[1]Belton!D61 -> 825 | W19: =[1]Belton!E61 -> 825 | X19: =[1]Belton!D106 -> 825 | Y19: =[1]Belton!E106 -> 825 | Z19: =[1]Belton!D151 -> 825 | AA19: =[1]Belton!E151 -> 115
A20: 1015 N Scott Ave #105 | B20: 2X1 | C20: 650 | D20: 850 | E20: 850 | F20: 850 | G20: 850 | H20: 850 | I20: 850 | J20: 895 | K20: 895 | L20: 895 | M20: 606.29 | N20: 895 | O20: 895 | P20: 895 | Q20: 895 | R20: 895 | S20: 895 | T20: =[1]Belton!D17 -> 895 | U20: =[1]Belton!E17 -> 895 | V20: =[1]Belton!D62 -> 895 | W20: =[1]Belton!E62 -> 895 | X20: =[1]Belton!D107 -> 895 | Y20: =[1]Belton!E107 -> 895 | Z20: =[1]Belton!D152 -> 895 | AA20: =[1]Belton!E152 -> 895
A21: 1015 N Scott Ave #106 | B21: 2X1 | C21: 650 | D21: 875 | E21: 875 | F21: 875 | G21: 875 | H21: 875 | I21: 875 | J21: 875 | K21: 875 | L21: 875 | M21: 875 | N21: 875 | O21: 875 | P21: 875 | Q21: 875 | R21: 875 | S21: 875 | T21: =[1]Belton!D18 -> 875 | U21: =[1]Belton!E18 -> 875 | V21: =[1]Belton!D63 -> 875 | W21: =[1]Belton!E63 -> 875 | X21: =[1]Belton!D108 -> 925 | Y21: =[1]Belton!E108 -> 875 | Z21: =[1]Belton!D153 -> 925 | AA21: =[1]Belton!E153 -> 925
A22: 1015 N Scott Ave #107 | B22: 2X1 | C22: 650 | D22: 850 | E22: 850 | F22: 850 | G22: 850 | H22: 900 | I22: 850 | J22: 900 | K22: 900 | L22: 900 | M22: 900 | N22: 900 | O22: 900 | P22: 900 | Q22: 900 | R22: 900 | S22: 900 | T22: =[1]Belton!D19 -> 900 | U22: =[1]Belton!E19 -> 700 | V22: =[1]Belton!D64 -> 900 | W22: =[1]Belton!E64 -> 1100 | X22: =[1]Belton!D109 -> 900 | Y22: =[1]Belton!E109 -> 900 | Z22: =[1]Belton!D154 -> 900 | AA22: =[1]Belton!E154 -> 0 | AB22: Under renovation
A23: 1015 N Scott Ave #108 | B23: 2X1 | C23: 650 | D23: 895 | E23: 0 | F23: 945 | G23: 895 | H23: 945 | I23: 780 | J23: 945 | K23: 1110 | L23: 945 | M23: 945 | N23: 945 | O23: 945 | P23: 945 | Q23: 0 | R23: 945 | S23: 1895 | T23: =[1]Belton!D20 -> 945 | U23: =[1]Belton!E20 -> 0 | V23: =[1]Belton!D65 -> 945 | W23: =[1]Belton!E65 -> 900 | X23: =[1]Belton!D110 -> 945 | Y23: =[1]Belton!E110 -> 0 | Z23: =[1]Belton!D155 -> 945 | AA23: =[1]Belton!E155 -> 0 | AB23: On market
A24: 1015 N Scott Ave #109 | B24: 2X1 | C24: 650 | D24: 875 | E24: 875 | F24: 875 | G24: 875 | H24: 925 | I24: 875 | J24: 925 | K24: 925 | L24: 925 | M24: 925 | N24: 925 | O24: 925 | P24: 925 | Q24: 925 | R24: 925 | S24: 925 | T24: =[1]Belton!D21 -> 925 | U24: =[1]Belton!E21 -> 925 | V24: =[1]Belton!D66 -> 925 | W24: =[1]Belton!E66 -> 925 | X24: =[1]Belton!D111 -> 925 | Y24: =[1]Belton!E111 -> 925 | Z24: =[1]Belton!D156 -> 925 | AA24: =[1]Belton!E156 -> 925
A25: 1015 N Scott Ave #110 | B25: 2X1 | C25: 650 | D25: 845 | E25: 800 | F25: 845 | G25: 1745 | H25: 845 | I25: 1625 | J25: 895 | K25: 845 | L25: 895 | M25: 895 | N25: 895 | O25: 895 | P25: 895 | Q25: 895 | R25: 895 | S25: 895 | T25: =[1]Belton!D22 -> 895 | U25: =[1]Belton!E22 -> 895 | V25: =[1]Belton!D67 -> 895 | W25: =[1]Belton!E67 -> 895 | X25: =[1]Belton!D112 -> 895 | Y25: =[1]Belton!E112 -> 895 | Z25: =[1]Belton!D157 -> 895 | AA25: =[1]Belton!E157 -> 895
A26: 1015 N Scott Ave #2 | B26: 1X1 | C26: 546 | D26: 750 | E26: 750 | F26: 750 | G26: 750 | H26: 750 | I26: 750 | J26: 750 | K26: 750 | L26: 750 | M26: 0 | N26: 750 | O26: 0 | P26: 795 | Q26: 79.5 | R26: 795 | S26: 0 | T26: =[1]Belton!D24 -> 795 | U26: =[1]Belton!E24 -> 795 | V26: =[1]Belton!D69 -> 795 | W26: =[1]Belton!E69 -> 795 | X26: =[1]Belton!D114 -> 795 | Y26: =[1]Belton!E114 -> 795 | Z26: =[1]Belton!D159 -> 795 | AA26: =[1]Belton!E159 -> 795
A27: 1015 N Scott Ave #3 | B27: 2X1 | C27: 650 | D27: 850 | E27: 850 | F27: 850 | G27: 850 | H27: 850 | I27: 850 | J27: 850 | K27: 850 | L27: 850 | M27: 850 | N27: 850 | O27: 850 | P27: 850 | Q27: 850 | R27: 850 | S27: 850 | T27: =[1]Belton!D25 -> 850 | U27: =[1]Belton!E25 -> 850 | V27: =[1]Belton!D70 -> 850 | W27: =[1]Belton!E70 -> 850 | X27: =[1]Belton!D115 -> 850 | Y27: =[1]Belton!E115 -> 850 | Z27: =[1]Belton!D160 -> 850 | AA27: =[1]Belton!E160 -> 0 | AB27: Rented
A28: 1015 N Scott Ave #4 | B28: 2X1 | C28: 650 | D28: 850 | E28: 850 | F28: 850 | G28: 850 | H28: 900 | I28: 850 | J28: 900 | K28: 900 | L28: 900 | M28: 900 | N28: 900 | O28: 900 | P28: 900 | Q28: 900 | R28: 900 | S28: 900 | T28: =[1]Belton!D26 -> 900 | U28: =[1]Belton!E26 -> 900 | V28: =[1]Belton!D71 -> 900 | W28: =[1]Belton!E71 -> 900 | X28: =[1]Belton!D116 -> 900 | Y28: =[1]Belton!E116 -> 900 | Z28: =[1]Belton!D161 -> 900 | AA28: =[1]Belton!E161 -> 900
A29: 1015 N Scott Ave #5 | B29: 2X1 | C29: 650 | D29: 900 | E29: 900 | F29: 900 | G29: 900 | H29: 900 | I29: 755 | J29: 900 | K29: 1045 | L29: 900 | M29: 900 | N29: 900 | O29: 900 | P29: 900 | Q29: 0 | R29: 825 | S29: 825 | T29: =[1]Belton!D27 -> 825 | U29: =[1]Belton!E27 -> 505.65 | V29: =[1]Belton!D72 -> 825 | W29: =[1]Belton!E72 -> 825 | X29: =[1]Belton!D117 -> 825 | Y29: =[1]Belton!E117 -> 825 | Z29: =[1]Belton!D162 -> 825 | AA29: 825
A30: 1015 N Scott Ave #6 | B30: 2X1 | C30: 650 | D30: 850 | E30: 850 | F30: 850 | G30: 850 | H30: 850 | I30: 850 | J30: 850 | K30: 850 | L30: 850 | M30: 850 | N30: 850 | O30: 850 | P30: 850 | Q30: 850 | R30: 850 | S30: 850 | T30: =[1]Belton!D28 -> 850 | U30: =[1]Belton!E28 -> 850 | V30: =[1]Belton!D73 -> 850 | W30: =[1]Belton!E73 -> 850 | X30: =[1]Belton!D118 -> 850 | Y30: =[1]Belton!E118 -> 850 | Z30: =[1]Belton!D163 -> 850 | AA30: =[1]Belton!E163 -> 850
A31: 1015 N Scott Ave #7 | B31: 2X1 | C31: 650 | D31: 850 | E31: 850 | F31: 900 | G31: 850 | H31: 900 | I31: 900 | J31: 900 | K31: 900 | L31: 900 | M31: 900 | N31: 900 | O31: 900 | P31: 900 | Q31: 900 | R31: 900 | S31: 900 | T31: =[1]Belton!D29 -> 900 | U31: =[1]Belton!E29 -> 900 | V31: =[1]Belton!D74 -> 900 | W31: =[1]Belton!E74 -> 900 | X31: =[1]Belton!D119 -> 900 | Y31: =[1]Belton!E119 -> 900 | Z31: =[1]Belton!D164 -> 900 | AA31: =[1]Belton!E164 -> 900
A32: 1015 N Scott Ave #8 | B32: 2X1 | C32: 650 | D32: 800 | E32: 0 | F32: 800 | G32: 800 | H32: 900 | I32: 800 | J32: 800 | K32: 800 | L32: 800 | M32: 800 | N32: 800 | O32: 800 | P32: 800 | Q32: 800 | R32: 800 | S32: 800 | T32: =[1]Belton!D30 -> 900 | U32: =[1]Belton!E30 -> 800 | V32: =[1]Belton!D75 -> 800 | W32: =[1]Belton!E75 -> 800 | X32: =[1]Belton!D120 -> 800 | Y32: =[1]Belton!E120 -> 0 | Z32: =[1]Belton!D165 -> 800 | AA32: =[1]Belton!E165 -> 0 | AB32: On market
A33: 1015 N Scott Ave #9 | B33: 2X1 | C33: 650 | D33: 850 | E33: 850 | F33: 850 | G33: 109.68 | H33: 850 | I33: 850 | J33: 850 | K33: 280 | L33: 850 | M33: 0 | N33: 850 | O33: 0 | P33: 850 | Q33: 0 | R33: 850 | S33: 0 | T33: =[1]Belton!D31 -> 850 | U33: =[1]Belton!E31 -> 0 | V33: =[1]Belton!D76 -> 850 | W33: =[1]Belton!E76 -> 0 | X33: =[1]Belton!D121 -> 800 | Y33: =[1]Belton!E121 -> 800 | Z33: =[1]Belton!D166 -> 800 | AA33: =[1]Belton!E166 -> 670.97
A34: 1109 N Scott Ave #1 | B34: 1X1 | C34: 546 | D34: 800 | E34: 0 | F34: 800 | G34: 800 | H34: 800 | I34: 800 | J34: 800 | K34: 800 | L34: 800 | M34: 800 | N34: 800 | O34: 800 | P34: 800 | Q34: 800 | R34: 800 | S34: 800 | T34: =[1]Belton!D33 -> 800 | U34: =[1]Belton!E33 -> 800 | V34: =[1]Belton!D78 -> 800 | W34: =[1]Belton!E78 -> 800 | X34: =[1]Belton!D123 -> 800 | Y34: =[1]Belton!E123 -> 800 | Z34: =[1]Belton!D168 -> 850 | AA34: =[1]Belton!E168 -> 800
A35: 1109 N Scott Ave #10 | B35: 2X1 | C35: 650 | D35: 945 | E35: 945 | F35: 945 | G35: 945 | H35: 945 | I35: 945 | J35: 945 | K35: 805.74 | L35: 945 | M35: 995.05 | N35: 945 | O35: 945 | P35: 945 | Q35: 743.88 | R35: 945 | S35: 891.06 | T35: =[1]Belton!D42 -> 945 | U35: =[1]Belton!E42 -> 1200 | V35: =[1]Belton!D87 -> 945 | W35: =[1]Belton!E87 -> 945 | X35: =[1]Belton!D132 -> 995 | Y35: =[1]Belton!E132 -> 945 | Z35: =[1]Belton!D177 -> 995 | AA35: =[1]Belton!E177 -> 995
A36: 1109 N Scott Ave #11 | B36: 2X1 | C36: 650 | D36: 850 | E36: 850 | F36: 850 | G36: 850 | H36: 895 | I36: 895 | J36: 895 | K36: 202.1 | L36: 895 | M36: 895 | N36: 895 | O36: 895 | P36: 895 | Q36: 895 | R36: 895 | S36: 895 | T36: =[1]Belton!D43 -> 895 | U36: =[1]Belton!E43 -> 895 | V36: =[1]Belton!D88 -> 895 | W36: =[1]Belton!E88 -> 895 | X36: =[1]Belton!D133 -> 895 | Y36: =[1]Belton!E133 -> 895 | Z36: =[1]Belton!D178 -> 895 | AA36: =[1]Belton!E178 -> 895
A37: 1109 N Scott Ave #12 | B37: 2X1 | C37: 650 | D37: 850 | E37: 850 | F37: 850 | G37: 850 | H37: 900 | I37: 850 | J37: 900 | K37: 900 | L37: 900 | M37: 900 | N37: 900 | O37: 900 | P37: 900 | Q37: 900 | R37: 900 | S37: 900 | T37: =[1]Belton!D44 -> 900 | U37: =[1]Belton!E44 -> 900 | V37: =[1]Belton!D89 -> 895 | W37: =[1]Belton!E89 -> 895 | X37: =[1]Belton!D134 -> 895 | Y37: =[1]Belton!E134 -> 351.61 | Z37: =[1]Belton!D179 -> 895 | AA37: =[1]Belton!E179 -> 895
A38: 1109 N Scott Ave #14 | B38: 1X1 | C38: 546 | D38: 800 | E38: 800 | F38: 800 | G38: 800 | H38: 800 | I38: 800 | J38: 800 | K38: 800 | L38: 825 | M38: 800 | N38: 725 | O38: 725 | P38: 725 | Q38: 0 | R38: 725 | S38: 710 | T38: =[1]Belton!D45 -> 725 | U38: =[1]Belton!E45 -> 740 | V38: =[1]Belton!D90 -> 725 | W38: =[1]Belton!E90 -> 725 | X38: =[1]Belton!D135 -> 725 | Y38: =[1]Belton!E135 -> 725 | Z38: =[1]Belton!D180 -> 725 | AA38: =[1]Belton!E180 -> 0
A39: 1109 N Scott Ave #15 | B39: 2X1 L | C39: 881 | D39: 965 | E39: 965 | F39: 965 | G39: 965 | H39: 965 | I39: 965 | J39: 965 | K39: 965 | L39: 965 | M39: 965 | N39: 965 | O39: 965 | P39: 965 | Q39: 965 | R39: 965 | S39: 965 | T39: =[1]Belton!D46 -> 965 | U39: =[1]Belton!E46 -> 965 | V39: =[1]Belton!D91 -> 965 | W39: =[1]Belton!E91 -> 965 | X39: =[1]Belton!D136 -> 965 | Y39: =[1]Belton!E136 -> 965 | Z39: =[1]Belton!D181 -> 1015 | AA39: =[1]Belton!E181 -> 965
A40: 1109 N Scott Ave #16 | B40: 2X1 L | C40: 881 | D40: 950 | E40: 950 | F40: 950 | G40: 950 | H40: 950 | I40: 950 | J40: 950 | K40: 950 | L40: 950 | M40: 950 | N40: 950 | O40: 845 | P40: 845 | Q40: 595 | R40: 845 | S40: 845 | T40: =[1]Belton!D47 -> 845 | U40: =[1]Belton!E47 -> 845 | V40: =[1]Belton!D92 -> 845 | W40: =[1]Belton!E92 -> 845 | X40: =[1]Belton!D137 -> 845 | Y40: =[1]Belton!E137 -> 645 | Z40: =[1]Belton!D182 -> 845 | AA40: =[1]Belton!E182 -> 845
A41: 1109 N Scott Ave #2 | B41: 1X1 | C41: 546 | D41: 800 | E41: 800 | F41: 800 | G41: 800 | H41: 800 | I41: 0 | J41: 800 | K41: 0 | L41: 800 | M41: 0 | N41: 800 | O41: 0 | P41: 800 | Q41: 0 | R41: 800 | S41: 0 | T41: =[1]Belton!D34 -> 800 | U41: =[1]Belton!E34 -> 0 | V41: =[1]Belton!D79 -> 795 | W41: =[1]Belton!E79 -> 795 | X41: =[1]Belton!D124 -> 795 | Y41: =[1]Belton!E124 -> 344 | Z41: =[1]Belton!D169 -> 795 | AA41: =[1]Belton!E169 -> 795
A42: 1109 N Scott Ave #3 | B42: 1X1 | C42: 546 | D42: 795 | E42: 795 | F42: 795 | G42: 795 | H42: 795 | I42: 795 | J42: 795 | K42: 795 | L42: 795 | M42: 795 | N42: 795 | O42: 795 | P42: 795 | Q42: 795 | R42: 795 | S42: 795 | T42: =[1]Belton!D35 -> 795 | U42: =[1]Belton!E35 -> 795 | V42: =[1]Belton!D80 -> 795 | W42: =[1]Belton!E80 -> 795 | X42: =[1]Belton!D125 -> 795 | Y42: =[1]Belton!E125 -> 795 | Z42: =[1]Belton!D170 -> 795 | AA42: =[1]Belton!E170 -> 795
A43: 1109 N Scott Ave #4 | B43: 1X1 | C43: 546 | D43: 785 | E43: 2477.52 | F43: 835 | G43: 881.95 | H43: 835 | I43: 835 | J43: 835 | K43: 835 | L43: 835 | M43: 0 | N43: 835 | O43: 835 | P43: 835 | Q43: 1122 | R43: 835 | S43: 920 | T43: =[1]Belton!D36 -> 835 | U43: =[1]Belton!E36 -> 920 | V43: =[1]Belton!D81 -> 835 | W43: =[1]Belton!E81 -> 842.95 | X43: =[1]Belton!D126 -> 835 | Y43: =[1]Belton!E126 -> 835 | Z43: =[1]Belton!D171 -> 835 | AA43: =[1]Belton!E171 -> 835
A44: 1109 N Scott Ave #5 | B44: Studio | C44: 300 | D44: 800 | E44: 800 | F44: 800 | G44: 800 | H44: 800 | I44: 800 | J44: 800 | K44: 800 | L44: 800 | M44: 800 | N44: 800 | O44: 800 | P44: 800 | Q44: 800 | R44: 800 | S44: 800 | T44: =[1]Belton!D37 -> 800 | U44: =[1]Belton!E37 -> 800 | V44: =[1]Belton!D82 -> 800 | W44: =[1]Belton!E82 -> 800 | X44: =[1]Belton!D127 -> 800 | Y44: =[1]Belton!E127 -> 800 | Z44: =[1]Belton!D172 -> 800 | AA44: =[1]Belton!E172 -> 800
A45: 1109 N Scott Ave #6 | B45: Studio | C45: 300 | D45: 700 | E45: 0 | F45: 800 | G45: 0 | H45: 700 | I45: 0 | J45: 700 | K45: 0 | L45: 700 | M45: 0 | N45: 700 | O45: 0 | P45: 700 | Q45: 0 | R45: 650 | S45: 650 | T45: =[1]Belton!D38 -> 650 | U45: =[1]Belton!E38 -> 545.16 | V45: =[1]Belton!D83 -> 650 | W45: =[1]Belton!E83 -> 650 | X45: =[1]Belton!D128 -> 650 | Y45: =[1]Belton!E128 -> 0 | Z45: =[1]Belton!D173 -> 650 | AA45: =[1]Belton!E173 -> 650
A46: 1109 N Scott Ave #7 | B46: Studio | C46: 300 | D46: 725 | E46: 725 | F46: 725 | G46: 725 | H46: 725 | I46: 725 | J46: 725 | K46: 725 | L46: 725 | M46: 725 | N46: 725 | O46: 725 | P46: 725 | Q46: 725 | R46: 725 | S46: 725 | T46: =[1]Belton!D39 -> 725 | U46: =[1]Belton!E39 -> 725 | V46: =[1]Belton!D84 -> 725 | W46: =[1]Belton!E84 -> 725 | X46: =[1]Belton!D129 -> 725 | Y46: =[1]Belton!E129 -> 725 | Z46: =[1]Belton!D174 -> 775 | AA46: =[1]Belton!E174 -> 725
A47: 1109 N Scott Ave #8 | B47: Studio | C47: 300 | D47: 775 | E47: 1500 | F47: 775 | G47: 1200 | H47: 775 | I47: 1200 | J47: 775 | K47: 980 | L47: 775 | M47: 775 | N47: 775 | O47: 775 | P47: 775 | Q47: 0 | R47: 775 | S47: 0 | T47: =[1]Belton!D40 -> 775 | U47: =[1]Belton!E40 -> 0 | V47: =[1]Belton!D85 -> 700 | W47: =[1]Belton!E85 -> 750 | X47: =[1]Belton!D130 -> 700 | Y47: =[1]Belton!E130 -> 0 | Z47: =[1]Belton!D175 -> 700 | AA47: =[1]Belton!E175 -> 700
A48: 1109 N Scott Ave #9 | B48: 2X1 | C48: 650 | D48: 850 | E48: 950 | F48: 850 | G48: 850.5 | H48: 900 | I48: 850 | J48: 900 | K48: 900 | L48: 900 | M48: 600 | N48: 900 | O48: 1100 | P48: 900 | Q48: 1000 | R48: 900 | S48: 800 | T48: =[1]Belton!D41 -> 900 | U48: =[1]Belton!E41 -> 1000 | V48: =[1]Belton!D86 -> 900 | W48: =[1]Belton!E86 -> 900 | X48: =[1]Belton!D131 -> 900 | Y48: =[1]Belton!E131 -> 900 | Z48: =[1]Belton!D176 -> 900 | AA48: =[1]Belton!E176 -> 800
A49: Total | D49: =SUM(D4:D48) -> 38410 | E49: =SUM(E4:E48) -> 38257.52 | F49: =SUM(F4:F48) -> 38985 | G49: =SUM(G4:G48) -> 37892.13 | H49: =SUM(H4:H48) -> 39380 | I49: =SUM(I4:I48) -> 35800 | J49: =SUM(J4:J48) -> 39375 | K49: =SUM(K4:K48) -> 33722.84 | ... AA49: =SUM(AA4:AA48) -> 32040.97

Sheet Charts
B2: Particulars | C2: May 25 | D2: Jun 25 | E2: Jul 25 | F2: Aug 25 | G2: Sep 25 | H2: Oct 25 | I2: Nov 25 | J2: Dec 25 | K2: Jan 26 | L2: Feb 26 | M2: Mar 26 | N2: Apr 26 | Q2: Particulars | R2: May 25 | S2: Jun 25 | T2: Jul 25 | U2: Aug 25 | V2: Sep 25 | W2: Oct 25 | X2: Nov 25 | Y2: Dec 25 | Z2: Jan 26 | AA2: Feb 26 | AB2: Mar 26 | AC2: Apr 26 | AD2: Total
B3: Total Rental Revenue | C3: ='T12 May25-Apr26'!B12 -> 38348 | D3: ='T12 May25-Apr26'!C12 -> 39332.13 | E3: ='T12 May25-Apr26'!D12 -> 36040 | F3: ='T12 May25-Apr26'!E12 -> 33912.84 | G3: ='T12 May25-Apr26'!F12 -> 33342.34 | H3: ='T12 May25-Apr26'!G12 -> 33962.2 | I3: ='T12 May25-Apr26'!H12 -> 31078.38 | J3: ='T12 May25-Apr26'!I12 -> 36687.06 | ... N3: ='T12 May25-Apr26'!M12 -> 34580.97 | Q3: Total Income | R3: ='T12 May25-Apr26'!B26 -> 41223.59 | S3: ='T12 May25-Apr26'!C26 -> 42749.55 | T3: ='T12 May25-Apr26'!D26 -> 39362.47 | U3: ='T12 May25-Apr26'!E26 -> 39034.69 | V3: ='T12 May25-Apr26'!F26 -> 35907.31 | W3: ='T12 May25-Apr26'!G26 -> 36183.3 | X3: ='T12 May25-Apr26'!H26 -> 32920.56 | Y3: ='T12 May25-Apr26'!I26 -> 38643.73 | ... AC3: ='T12 May25-Apr26'!M26 -> 36476.81 | AD3: =SUM(R3:AC3) -> 457572.36
B4: Gross Profit | C4: ='T12 May25-Apr26'!B30 -> 41223.59 | D4: ='T12 May25-Apr26'!C30 -> 42749.55 | E4: ='T12 May25-Apr26'!D30 -> 39362.47 | F4: ='T12 May25-Apr26'!E30 -> 39034.69 | G4: ='T12 May25-Apr26'!F30 -> 35907.31 | H4: ='T12 May25-Apr26'!G30 -> 36183.3 | I4: ='T12 May25-Apr26'!H30 -> 32920.56 | J4: ='T12 May25-Apr26'!I30 -> 38643.73 | ... N4: ='T12 May25-Apr26'!M30 -> 36476.81 | Q4: Total Expense | R4: ='T12 May25-Apr26'!B75 -> 12147.476 | S4: ='T12 May25-Apr26'!C75 -> 15010.796 | T4: ='T12 May25-Apr26'!D75 -> 14935.386 | U4: ='T12 May25-Apr26'!E75 -> 11635.216 | V4: ='T12 May25-Apr26'!F75 -> 20333.376 | W4: ='T12 May25-Apr26'!G75 -> 13742.786 | X4: ='T12 May25-Apr26'!H75 -> 12119.136 | Y4: ='T12 May25-Apr26'!I75 -> 21047.786 | ... AC4: ='T12 May25-Apr26'!M75 -> 16566.346 | AD4: =SUM(R4:AC4) -> 180106.31
Q5: Net Income | R5: =R3-R4 -> 29076.114 | S5: =S3-S4 -> 27738.754 | T5: =T3-T4 -> 24427.084 | U5: =U3-U4 -> 27399.474 | V5: =V3-V4 -> 15573.934 | W5: =W3-W4 -> 22440.514 | X5: =X3-X4 -> 20801.424 | Y5: =Y3-Y4 -> 17595.944 | ... AC5: =AC3-AC4 -> 19910.464 | AD5: =SUM(R5:AC5) -> 277466.05
B27: Particulars | C27: May 25 | D27: Jun 25 | E27: Jul 25 | F27: Aug 25 | G27: Sep 25 | H27: Oct 25 | I27: Nov 25 | J27: Dec 25 | K27: Jan 26 | L27: Feb 26 | M27: Mar 26 | N27: Apr 26 | P27: Average | S27: Particulars | T27: May 25 | U27: Jun 25 | V27: Jul 25 | W27: Aug 25 | X27: Sep 25 | Y27: Oct 25 | Z27: Nov 25 | AA27: Dec 25 | AB27: Jan 26 | AC27: Feb 26 | AD27: Mar 26 | AE27: Apr 26
B28: Total Units | C28: 45 | D28: 45 | E28: 45 | F28: 45 | G28: 45 | H28: 45 | I28: 45 | J28: 45 | K28: 45 | L28: 45 | M28: 45 | N28: 45 | P28: =SUM(C28:N28)/12 -> 45 | S28: Utility Expenses | T28: 2879.25 | U28: 2858.86 | V28: 3097.77 | W28: 2905.81 | X28: 3359.2 | Y28: 3408.76 | Z28: 1790.16 | AA28: 1515.79 | AB28: 2262.66 | AC28: 2110 | AD28: 2312.49 | AE28: 1929.63
B29: Vacant | C29: 4 | D29: 2 | E29: 5 | F29: 4 | G29: 7 | H29: 3 | I29: 5 | J29: 4 | K29: 3 | L29: 0 | M29: 2 | N29: 3 | P29: =SUM(C29:N29)/12 -> 3.5
B30: Rented units | C30: =C28-C29 -> 41 | D30: =D28-D29 -> 43 | E30: =E28-E29 -> 40 | F30: =F28-F29 -> 41 | G30: =G28-G29 -> 38 | H30: =H28-H29 -> 42 | I30: =I28-I29 -> 40 | J30: =J28-J29 -> 41 | ... N30: =N28-N29 -> 42 | P30: =SUM(C30:N30)/12 -> 41.5
B31: Occupancy % | C31: =C30/C28 -> 0.91111111 | D31: =D30/D28 -> 0.95555556 | E31: =E30/E28 -> 0.88888889 | F31: =F30/F28 -> 0.91111111 | G31: =G30/G28 -> 0.84444444 | H31: =H30/H28 -> 0.93333333 | I31: =I30/I28 -> 0.88888889 | J31: =J30/J28 -> 0.91111111 | ... N31: =N30/N28 -> 0.93333333 | P31: =P30/P28 -> 0.92222222

Sheet Cap Ex
B2: Capital Improvements & Property Highlights
B4: # | C4: Item
B5: 1 | C5: Spent close to $900K on renovations
B6: 2 | C6: Renovated 99% of units
B7: 3 | C7: Renovated kitchens and bathrooms
B8: 4 | C8: New flooring
B9: 5 | C9: New appliances
B10: 6 | C10: New ACs
B11: 7 | C11: Fixed all plumbing issues
B12: 8 | C12: Fixed all decks / new decks
B13: 9 | C13: Painted all 9 buildings
B14: 10 | C14: New road on back side; fixed all roads
B15: 11 | C15: Landscaping
B16: 12 | C16: 7-8 storage units
B17: 13 | C17: 6+ acres of land

Sheet Property Taxes
A1: Tax Year | B1: Parcel / Address | C1: Appraised Value | D1: Assessed Value | E1: Annual Taxes | F1: Assessment Ratio | G1: Levy Rate
A2: 2025 | B2: 1007 N Scott | C2: 149940 | D2: 28490 | E2: 2330.78 | F2: =D2/C2 -> 0.19000934 | G2: =E2/D2 -> 0.08181046
A3: 2025 | B3: 1015 N Scott | C3: 302160 | D3: 57410 | E3: 4696.7 | F3: =D3/C3 -> 0.18999868 | G3: =E3/D3 -> 0.081809789
A4: 2025 | B4: N Scott Ave | C4: 78980 | D4: 15010 | E4: 1227.97 | F4: =D4/C4 -> 0.19004811 | G4: =E4/D4 -> 0.081810127
A5: 2025 | B5: 1109 N Scott | C5: 119280 | D5: 27500 | E5: 2313.92 | F5: =D5/C5 -> 0.23054997 | G5: =E5/D5 -> 0.084142545
A6: 2025 | B6: 1111 N Scott | C6: 111330 | D6: 21160 | E6: 1731.1 | F6: =D6/C6 -> 0.19006557 | G6: =E6/D6 -> 0.081810019
A7: Total | C7: =SUM(C2:C6) -> 761690 | D7: =SUM(D2:D6) -> 149570 | E7: =SUM(E2:E6) -> 12300.47 | F7: =D7/C7 -> 0.19636598 | G7: =E7/D7 -> 0.082238885
